 Dungeon Crawl Stone Soup version 0.26.1-15-g04117e645d (webtiles) character file.

Game seed: 17413296649109264467

44986 tkbsonic5 the Covert (level 13, -21/102 (103) HPs)
             Began as a Vampire Berserker on Dec 22, 2022.
             Was an Elder of Trog.
             Demolished by a white ugly thing (28 damage)
             ... on level 12 of the Dungeon on Dec 24, 2022.
             The game lasted 01:35:01 (21364 turns).

tkbsonic5 the Covert (Vampire Berserker)           Turns: 21364, Time: 01:35:02

HP:   -21/102 (103) AC: 11    Str: 24    XL:     13   Next: 99%
MP:   4/4           EV: 21    Int: 11    God:    Trog [****..]
Gold: 1619          SH:  5    Dex: 15    Spells: 12/12 levels left

rFire    + . .     SeeInvis +   M - +4 executioner's axe (antimagic)
rCold    . . .     Faith    .   (shield currently unavailable)
rNeg     . . .     Spirit   .   X - +1 leather armour {rPois}
rPois    +         Reflect  +   O - +2 hat
rElec    .         Harm     .   I - +2 cloak {Stlth+}
rCorr    .         Rampage  .   (no gloves)
Will     +++..                  p - +2 pair of boots {Stlth+}
Stlth    +++++++...             P - amulet of reflection
HPRegen  1.47/turn              k - ring of protection from fire
MPRegen  0.09/turn              D - +6 ring of strength

@: regenerating, lightly drained
A: fangs 3, repulsion field 1, see invisible, deformed body, unbreathing
a: Exsanguinate, Renounce Religion, Berserk, Trog's Hand, Brothers in Arms


You were on level 12 of the Dungeon.
You worshipped Trog.
Trog was greatly pleased with you.
You visited 2 branches of the dungeon, and saw 18 of its levels.
You also visited: Ice Cave.

You collected 1733 gold pieces.
You spent 114 gold pieces at shops.

Inventory:

Hand Weapons
 w - the +7 mace of Azoix {flame, rElec}
   (You found it on level 8 of the Dungeon)

   It has been specially enchanted to burn those struck by it, causing extra
   injury to most foes and up to half again as much damage against particularly
   susceptible opponents.
   It insulates you from electricity.
 M - a +4 antimagic executioner's axe (weapon)
Missiles
 n - 30 poisoned darts
 J - 7 boomerangs
 Q - 8 atropa-tipped darts
Armour
 p - a +2 pair of boots of stealth (worn)
 I - a +2 cloak of stealth (worn)
 O - a +2 hat (worn)
 X - a +1 leather armour of poison resistance (worn)
Jewellery
 b - an uncursed ring of ice
 k - a ring of protection from fire (left hand)
 B - an uncursed ring of protection from fire
 D - a +6 ring of strength (right hand)
 G - an uncursed ring of ice
 P - an amulet of reflection (around neck)
Wands
 v - a wand of digging (5)
 x - a wand of polymorph (17)
 K - a wand of flame (13)
 R - a wand of random effects (9) (quivered)
Scrolls
 c - 4 scrolls of teleportation
 h - 4 scrolls of fog
 o - a scroll of remove curse
 U - a scroll of fear
 V - a scroll of silence
Potions
 a - 2 potions of might
 e - a potion of invisibility
 f - a potion of cancellation
 j - a potion of lignification
 l - 4 potions of heal wounds
 t - 2 potions of curing
 u - 6 potions of berserk rage
 A - 2 potions of haste
 H - 4 potions of resistance
 L - 3 potions of flight
Miscellaneous
 N - a phantom mirror
 Y - a condenser vane (inert)


   Skills:
 + Level 10.2 Fighting
 - Level 9.5 Short Blades
 * Level 7.2(7.8) Axes
 - Level 4.0(5.8) Maces & Flails
 - Level 2.6 Crossbows
 - Level 5.3 Throwing
 - Level 5.3 Armour
 * Level 11.0 Dodging
 - Level 14.7 Stealth
 - Level 0.6 Shields
 - Level 6.9 Evocations


You had 12 spell levels left.
You didn't know any spells.
Your spell library was empty.

Dungeon Overview and Level Annotations

Branches:
Dungeon (12/15)            Temple (0/1) D:5            Lair (6/6) D:11
 Shoals (0/4) Lair:4        Snake (0/4) Lair:4        Slime (0/5) Lair:6
    Orc (0/2) D:10          IceCv (visited)

Altars:
Ashenzari
Cheibriados
Elyvilon
Gozag
Nemelex Xobeh
Okawaru
Sif Muna
Trog
Xom
Zin

Shops:
D:4 *

Annotations:
D:6 1 transporter, Zeld's ghost, novice OpTm
D:10 3 runed translucent doors, PaiMei's ghost, novice TeCj
D:11 exclusion: oklob plant


Innate Abilities, Weirdness & Mutations

Your natural rate of healing is unusually fast.
You have razor-sharp teeth.
You have supernaturally acute eyesight. (SInv)
You can survive without breathing.
You are surrounded by a mild repulsion field. (EV +2)
Armour fits poorly on your strangely shaped body.


Message History

The brown ugly thing is lightly wounded.
The brown ugly thing gurgles horribly!
The brown ugly thing resists with significant effort.
The puff of frost hits the brown ugly thing.
The brown ugly thing is lightly wounded.
The brown ugly thing basks in the mutagenic energy and changes!
You slice the white ugly thing!!
The white ugly thing is moderately wounded.
The white ugly thing stings you! The white ugly thing freezes you!!
You slash the white ugly thing! Your bite misses the white ugly thing.
The white ugly thing is heavily wounded.
The white ugly thing stings you! The white ugly thing freezes you!!
* * * LOW HITPOINT WARNING * * *
You block the white ugly thing's attack.
Your skin crawls.
You feel strong-willed. The white ugly thing stings you!
* * * LOW HITPOINT WARNING * * *
The white ugly thing freezes you!!
You die...

.. . #+#. #.. #..
##### #.# ####...#
+u# .......# #@#
.......# #.#
.......#########.#
.................#
.................#
.................#
..................#
..................#
#...................


You could see a white ugly thing.

Vanquished Creatures
  A dire elephant (Lair:6)
  Josephine (D:11)
  Fannar (D:11)
  2 boulder beetles
  3 hydras
  A merfolk avatar (Lair:6)
  2 two-headed ogres
  2 harpies (Lair:6)
  An ugly thing (D:12)
  2 cyclopes (D:11)
  7 elephants
  A gargoyle (D:10)
  4 black mambas
  Maggie (D:6)
  16 cane toads
  2 rime drakes (Lair:6)
  3 komodo dragons
  2 ice devils (Lair:6)
  2 trolls
  3 meliai (D:11)
  A queen bee (Lair:6)
  13 polar bears
  A slime creature (Lair:6)
  A wind drake (Lair:6)
  4 dream sheep (Lair:2)
  21 blink frogs
  A vampire (D:12)
  11 yaks
  6 wyverns
  5 wraiths
  2 golden eyes
  A steam dragon (D:9)
  2 basilisks
  2 nagas (Lair:4)
  A soldier ant (D:11)
  17 water moccasins
  5 ice beasts
  5 orc warriors
  3 sky beasts
  A swamp drake (Lair:6)
  A black bear (D:8)
  3 phantoms
  An eye of draining (Lair:6)
  5 ogres
  7 centaurs
  3 necrophages
  9 wolves
  A big kobold (D:9)
  14 bullfrogs
  5 scorpions
  11 killer bees
  14 wights
  6 howler monkeys
  2 jellies
  7 orc priests
  6 hounds
  3 centaur skeletons
  4 iguanas
  Terence (D:2)
  Jessica (D:6)
  A hell rat (Lair:4)
  Natasha (thrice) (D:2)
  14 orc wizards
  15 worker ants
  A killer bee zombie (D:7)
  A hound zombie (D:5)
  2 worker ant zombies
  10 adders
  8 gnolls
  9 river rats (Lair:4)
  2 shadow imps
  3 white imps
  An ufetubus (D:5)
  2 oozes
  An adder skeleton (D:4)
  2 worms (D:2)
  A dart slug (D:3)
  4 leopard geckos
  39 orcs
  6 giant cockroaches
  4 goblins
  9 hobgoblins
  5 jackals
  16 kobolds
  2 quokkas
  4 bats
  7 frilled lizards
  A leopard gecko skeleton (D:4)
  3 quokka skeletons
  2 quokka zombies
  6 rats
448 creatures vanquished.

Vanquished Creatures (collateral kills)
  6 elephants
  A black mamba (Lair:6)
  2 polar bears
  5 yaks
  A naga (Lair:4)
  A water moccasin (D:10)
  2 orc warriors (D:10)
  A wolf (IceCv)
  3 wights (D:10)
  An orc priest (D:10)
  A hell rat (Lair:4)
  2 orcs (D:10)
26 creatures vanquished.

Vanquished Creatures (others)
  2 bushes (Lair:4)
  46 fungi
  80 plants
128 creatures vanquished.

Grand Total: 602 creatures vanquished

Notes
Turn   | Place    | Note
-------+----------+-------------------------------------------
     0 | D:1      | tkbsonic5 the Vampire Berserker began the quest for the
                  | Orb.
     0 | D:1      | Reached XP level 1. HP: 17/17 MP: 1/1
    95 | D:1      | Reached skill level 1 in Stealth
   340 | D:1      | Reached XP level 2. HP: 23/23 MP: 2/2
   815 | D:1      | Reached skill level 2 in Stealth
  1003 | D:2      | Noticed Terence
  1019 | D:2      | Killed Terence
  1020 | D:2      | Reached skill level 3 in Stealth
  1020 | D:2      | Reached XP level 3. HP: 24/29 MP: 3/3
  1364 | D:2      | Found a broken altar of Ashenzari.
  1535 | D:2      | Noticed Natasha
  1546 | D:2      | Killed Natasha
  1547 | D:2      | Reached XP level 4. HP: 31/36 MP: 4/4
  1738 | D:2      | Noticed Natasha
  1744 | D:2      | Killed Natasha
  1873 | D:2      | Noticed Natasha
  1879 | D:2      | Killed Natasha
  1879 | D:2      | Reached ** piety under Trog
  1880 | D:2      | Reached XP level 5. HP: 42/42 MP: 5/5
  1913 | D:2      | Gained mutation: Armour fits poorly on your strangely
                  | shaped body. [potion of mutation]
  1913 | D:2      | Gained mutation: You are surrounded by a mild repulsion
                  | field. (EV +2) [potion of mutation]
  2055 | D:2      | Found a shimmering altar of Xom.
  2689 | D:3      | Reached skill level 4 in Stealth
  2957 | D:4      | Reached skill level 5 in Short Blades
  2957 | D:4      | Reached XP level 6. HP: 48/48 MP: 6/6
  3050 | D:4      | Found Diuhaiv's General Store.
  3061 | D:4      | Bought a +0 cloak for 54 gold pieces
  3061 | D:4      | Bought a scroll of identify for 24 gold pieces
  3061 | D:4      | Bought a potion of curing for 36 gold pieces
  3100 | D:4      | Found a sparkling altar of Nemelex Xobeh.
  3100 | D:4      | Found an opulent altar of Gozag.
  3201 | D:4      | Reached skill level 5 in Stealth
  3302 | D:4      | Noticed a sky beast
  3315 | D:4      | Killed a sky beast
  3316 | D:4      | Reached XP level 7. HP: 55/55 MP: 7/7
  3690 | D:4      | Reached skill level 6 in Stealth
  3872 | D:5      | Entered Level 5 of the Dungeon
  3907 | D:5      | Reached skill level 7 in Stealth
  3907 | D:5      | Reached skill level 1 in Evocations
  3959 | D:5      | Reached *** piety under Trog
  3998 | D:5      | Reached XP level 8. HP: 60/61 MP: 8/8
  4022 | D:5      | Reached skill level 5 in Fighting
  4045 | D:5      | Found a staircase to the Ecumenical Temple.
  4320 | D:5      | Reached skill level 8 in Stealth
  4517 | D:5      | You fall into a shaft and drop 1 floor!
  4518 | D:6      | Noticed Maggie
  4526 | D:6      | Killed Maggie
  4527 | D:6      | Reached skill level 5 in Dodging
  4527 | D:6      | Reached skill level 9 in Stealth
  4968 | D:6      | Reached XP level 9. HP: 68/68 MP: 9/9
  4990 | D:6      | Noticed Zeld's ghost (novice OpTm)
  4993 | D:6      | Found a transporter.
  5087 | D:6      | Reached **** piety under Trog
  5418 | D:6      | Noticed Jessica
  5420 | D:6      | Killed Jessica
  5421 | D:6      | Reached skill level 10 in Stealth
  5425 | D:6      | Found a shimmering blue altar of Sif Muna.
  5994 | D:7      | Found a white marble altar of Elyvilon.
  5995 | D:7      | Found a snail-covered altar of Cheibriados.
  5996 | D:7      | Found a glowing silver altar of Zin.
  6300 | D:7      | Found a flagged portal.
  6535 | D:8      | Got a fine hand axe
  6538 | D:8      | Identified the +0 hand axe of Gitisas {vorpal, rC+ rN+}
                  | (You found it on level 8 of the Dungeon)
  6684 | D:8      | Reached skill level 11 in Stealth
  6699 | D:8      | Reached skill level 1 in Crossbows
  6812 | D:8      | Reached XP level 10. HP: 77/77 MP: 10/10
  6864 | D:8      | Reached ***** piety under Trog
  6965 | D:8      | Noticed a two-headed ogre
  7040 | D:7      | Killed a two-headed ogre
  7239 | D:8      | Got a smoking mace
  7240 | D:8      | Identified the +7 mace of Azoix {flame, rElec} (You found
                  | it on level 8 of the Dungeon)
  7244 | D:8      | Got a shimmering ring mail
  7255 | D:8      | Identified the +4 ring mail of the Orcish Mines {Will-
                  | Str+2 Dex+6} (You found it on level 8 of the Dungeon)
  8033 | D:9      | Found an iron altar of Okawaru.
  8220 | D:9      | Found a bloodstained altar of Trog.
  8383 | D:8      | Reached skill level 1 in Maces & Flails
  8395 | D:8      | Reached skill level 12 in Stealth
  8728 | D:9      | Reached skill level 1 in Throwing
  9124 | D:10     | Entered Level 10 of the Dungeon
  9215 | D:10     | Received a gift from Trog
  9415 | D:10     | Noticed a gargoyle
  9426 | D:10     | Killed a gargoyle
  9632 | D:10     | Reached XP level 11. HP: 67/84 MP: 11/11
  9674 | D:10     | Found a runed translucent gate.
  9674 | D:10     | Found a runed translucent gate.
  9674 | D:10     | Found a runed translucent gate.
  9675 | D:10     | Noticed PaiMei's ghost (novice TeCj)
  9676 | D:10     | Identified the +11 dagger of Lol Juji {venom, Str+4 Int+4
                  | Dex+2}
  9964 | D:10     | Found a staircase to the Orcish Mines.
 10502 | D:11     | Noticed a two-headed ogre
 10513 | D:11     | Killed a two-headed ogre
 10514 | D:11     | Reached skill level 1 in Axes
 10766 | D:11     | Noticed an oklob plant
 10838 | D:11     | Found a staircase to the Lair.
 10885 | D:11     | Noticed Fannar
 10930 | Lair:1   | Entered Level 1 of the Lair of Beasts
 11283 | Lair:1   | Reached skill level 13 in Stealth
 12631 | Lair:2   | Noticed a boulder beetle
 12647 | Lair:2   | Killed a boulder beetle
 13125 | Lair:2   | Reached XP level 12. HP: 89/92 MP: 4/12
 13131 | Lair:2   | Reached skill level 5 in Evocations
 13677 | Lair:3   | Identified a scroll of acquirement
 13677 | Lair:3   | Acquired a +2 buckler of poison resistance
 14144 | Lair:3   | Got a blackened rapier
 14513 | Lair:3   | Noticed an eight-headed hydra
 14528 | Lair:3   | Killed an eight-headed hydra
 15731 | Lair:4   | Found a staircase to the Snake Pit.
 15861 | Lair:4   | Reached skill level 14 in Stealth
 15973 | Lair:4   | Found a staircase to the Shoals.
 16041 | Lair:4   | Got a twisted ring mail
 16042 | Lair:4   | Identified the cursed +0 ring mail of Polish {rCorr Int+4}
                  | (You found it on level 4 of the Lair of Beasts)
 17111 | Lair:5   | Reached skill level 5 in Axes
 17393 | Lair:5   | Reached XP level 13. HP: 101/101 MP: 4/13
 17769 | Lair:6   | Entered Level 6 of the Lair of Beasts
 17810 | Lair:6   | Found a staircase to the Slime Pits.
 17941 | Lair:6   | Reached skill level 10 in Dodging
 18020 | Lair:6   | Reached skill level 5 in Armour
 18065 | Lair:6   | Found a frozen archway.
 18081 | IceCv    | Entered an ice cave
 18089 | IceCv    | Reached skill level 5 in Throwing
 18811 | Lair:6   | Noticed a dire elephant
 18820 | Lair:6   | Killed a dire elephant
 19076 | Lair:6   | Reached skill level 10 in Fighting
 19380 | Lair:6   | Got a crystal rapier
 19400 | Lair:6   | Identified the cursed +2 rapier "Garasoozaf" {vorpal, rC+
                  | Int+2 Dex+3 Stlth+} (You found it on level 6 of the Lair of
                  | Beasts)
 19664 | D:11     | Killed Fannar
 19941 | D:11     | Noticed Josephine
 19955 | D:11     | Killed Josephine
 21364 | D:12     | Demolished by a white ugly thing

Illustrated notes

Levels and vault maps discovered:
D:1:      amcnicky_arrival_wind_blow, layout_loops_corners, chequers_jeans
D:2:      layout_rooms, lemuel_coloured_pillars_altar, evilmike_ruin_ashenzari,
          hangedman_decor_clover_reticule, uniq_natasha, uniq_terence
D:3:      layout_basic, kennysheep_generic_room_4
D:4:      layout_loops_cross, grunt_temple_overflow_opulence, serial_shops,
          nicolae_shop_statue_plus
D:5:      layout_gridville, temple_statues
D:6:      layout_loops_corners, tgw_sif, gammafunk_ghost_hive,
          minmay_misc_feat_four_crosses, uniq_maggie
D:7:      layout_loops_ring, chequers_temple_overflow_statue_of_worship,
          enter_bailey_8
D:8:      layout_rooms
D:9:      layout_cave_pods, kennysheep_mini_moat, nicolae_overflow_crystal_walls
D:10:     layout_gridville, david_orc_4, gammafunk_ghost_nasty_kobolds
D:11:     layout_gridville, dpeg_oklobed_lair, uniq_fannar, uniq_josephine
D:12:     layout_irregular_city, uniq_snorg
Lair:1:   layout_cave_pods, gauntlet_entry_generic, grunt_megastairs_2
Lair:2:   layout_regular_city, minmay_holes, wad_woods_03
Lair:3:   layout_cellular_growth
Lair:4:   layout_roguey, minmay_shoals_entry_centaurs,
          minmay_snake_entry_guardpost_small, kennysheep_rathole,
          infiniplex_staircase_pool_2
Lair:5:   layout_layer_cave
Lair:6:   gammafunk_lair_ancient_temple, layout_layer_cave, slime_dummy,
          portal_ice_cave_demonic_guard, st_stairs_8, serial_bayou_shore_b

Skill      XL: |  1  2  3  4  5  6  7  8  9 10 11 12 13 |
---------------+----------------------------------------+-----
Stealth        | 1 3 4 5 7 9 11 12 13 14 | 14.7
Fighting       | 3 4 5 6 7 8 9 10 | 10.2
Short Blades   | 4 5 6 7 9 |  9.5
Dodging        | 3 4 5 6 7 8 9 11 | 11.0
Evocations     | 1 2 3 4 5 6 |  6.9
Armour         | 2 3 4 5 |  5.3
Crossbows      | 1 2 |  2.6
Maces & Flails | 2 3 4 |  4.0
Throwing       | 1 3 4 5 |  5.3
Axes           | 3 5 7 |  7.2
Shields        | |  0.6

Action                   |  1- 3 |  4- 6 |  7- 9 | 10-12 | 13-15 || total
-------------------------+-------+-------+-------+-------+-------++-------
Melee: Short sword       |    92 |   121 |   274 |    52 |       ||   539
       Bite              |     6 |    11 |    31 |    76 |    39 ||   163
       Mace              |       |       |       |   187 |    36 ||   223
       Executioner's axe |       |       |       |   387 |   232 ||   619
       War axe           |       |       |       |     1 |       ||     1
Throw: Dart              |       |     8 |    16 |    74 |       ||    98
       Throwing net      |       |       |       |     1 |       ||     1
Invok: Berserk           |     3 |     6 |     4 |    17 |    11 ||    41
       Trog's Hand       |       |     2 |     2 |    11 |    10 ||    25
       Brothers in Arms  |       |       |       |     5 |     2 ||     7
 Abil: Exsanguinate      |       |       |       |     2 |       ||     2
       Revivify          |       |       |       |     2 |       ||     2
Evoke: Wand              |       |       |    36 |    39 |    62 ||   137
       Phantom mirror    |       |       |       |     1 |     1 ||     2
       Condenser vane    |       |       |       |       |     1 ||     1
  Use: Scroll            |     5 |     9 |    15 |    27 |     3 ||    59
       Potion            |     4 |     3 |     2 |     9 |     4 ||    22
 Stab: Sleeping          |     2 |     4 |    17 |    13 |     4 ||    40
       Distracted        |       |     1 |       |     1 |     3 ||     5
       Paralysed         |       |       |     6 |    11 |       ||    17
       Invisible         |       |       |       |     2 |       ||     2
Armor: Ring mail         |    30 |    11 |       |    52 |       ||    93
       Animal skin       |     1 |     2 |    13 |       |       ||    16
       Chain mail        |    12 |    21 |       |   141 |       ||   174
       Swamp dragon scal |       |       |    26 |    91 |   122 ||   239
       Skin              |       |       |       |    28 |       ||    28
       Leather armour    |       |       |       |       |     2 ||     2
Dodge: Dodged            |    51 |    43 |   157 |   774 |   380 ||  1405
Block: Other             |       |       |       |    62 |    97 ||   159
       Buckler           |       |       |       |    17 |       ||    17
       Reflection        |       |       |       |     4 |     4 ||     8
